 Dungeon Crawl Stone Soup version 0.25.1-2-g60ff931df9 (webtiles) character file.

Game seed: 1769219735627696617

12 raphialitos the Conjurer (level 2, -2/11 HPs)
             Began as a Felid Conjurer on Oct 14, 2020.
             Was a Plaything of Xom.
             Slain by a chaos spawn (6 damage)
             ... summoned by Xom
             ... on level 1 of the Dungeon.
             The game lasted 00:02:29 (1228 turns).

raphialitos the Conjurer (Felid Conjurer)           Turns: 1228, Time: 00:02:29

Health: -2/11      AC:  1    Str:  4    XL:     2   Next: 20%
Magic:  5/6        EV: 18    Int: 16    God:    Xom [.....*]
Gold:   24         SH:  0    Dex: 16    Spells: 4/5 levels left
                                        Lives:  0   Deaths: 0

rFire    . . .     SeeInvis +   (weapon unavailable)
rCold    . . .     Gourm    .   (shield unavailable)
rNeg     . . .     Faith    .   (armour unavailable)
rPois    .         Spirit   .   (helmet unavailable)
rElec    .         Reflect  .   (cloak unavailable)
rCorr    .         Harm     .   (gloves unavailable)
MR       .....                  (boots unavailable)
Stlth    +++.......             (no amulet)
HPRegen  0.03/turn              (no ring)
MPRegen  0.10/turn              (no ring)

@: slowed, slow
A: very small, no armour, no weapons or thrown items, stealth, claws 1, fangs 3,
see invisible, carnivore, speed 1, shaggy fur 1, slow metabolism 1, sharp paws
a: Renounce Religion


You were on level 1 of the Dungeon.
You worshipped Xom.
You were Xom's teddy bear.
You were not hungry.

You visited 1 branch of the dungeon, and saw 1 of its levels.

You collected 24 gold pieces.

Inventory:

Scrolls
 a - a scroll of enchant weapon {unknown}
 c - 3 scrolls of remove curse {unknown}
 d - a scroll of identify {unknown}
 e - 3 scrolls of teleportation {unknown}
Potions
 f - a potion of degeneration {unknown}
Comestibles
 b - 6 rations


   Skills:
 + Level 2.7 Dodging
 + Level 2.7 Stealth
 + Level 0.1 Unarmed Combat
 + Level 2.2 Spellcasting
 + Level 4.0 Conjurations


You had 4 spell levels left.
You knew the following spells:

 Your Spells              Type           Power        Failure   Level  Hunger
a - Magic Dart            Conj           ##..         4%          1    #......

Your spell library contained the following spells:

 Spells                   Type           Power        Failure   Level  Hunger
 Searing Ray              Conj           ##....       6%          2    ###....
 Dazzling Flash           Conj/Hex       #.....       26%         3    ###....
 Fulminant Prism          Conj/Hex       #.........   65%         4    #####..
 Iskenderun's Mystic Bla  Conj/Tloc      #.......     65%         4    #####..


Dungeon Overview and Level Annotations

Branches:
Dungeon (1/15)

Altars:
Xom


Innate Abilities, Weirdness & Mutations

You cannot wear armour.
You are incapable of wielding weapons or throwing items.
Your paws allow you to move quietly. (Stealth)
You have sharp claws.
You have razor-sharp teeth.
You have supernaturally acute eyesight. (SInv)
You are carnivorous and can eat meat at any time.
You cover ground quickly.
You are covered in fur. (AC +1)
You have a slow metabolism.
Your sharp claws are effective at attacking unaware monsters.


Message History

The chaos spawn closely misses you.
You scratch the ufetubus.
The ufetubus is heavily wounded.
The ufetubus misses you. x2; The chaos spawn hits you!
Ouch! That really hurt!
Xom is interested.
You emit a cloud of colourful smoke!
You feel yourself slow down. The ufetubus closely misses you.
The ufetubus barely misses you. The chaos spawn misses you.
The ufetubus closely misses you. The ufetubus misses you.
The chaos spawn closely misses you.
Casting: Magic Dart (safe; 4% risk of failure)
Confirm with . or Enter, or press ? or * to list all spells.
Aiming: Magic Dart (safe; 4% risk of failure)
Press: ? - help, Shift-Dir - straight line, f - chaos spawn
Aim: a chaos spawn (summoned)
The magic dart hits the chaos spawn but does no damage.
The chaos spawn hits you.
Ouch! That really hurt!
You die... "I guess I need a new plaything now."

####...##...........#
##..##...........#
#..##......§§...#
#####..##......§§####
.......##...####§#
.....#.###### #.#
.....#.## #5#######
.....#..# #4......#
....##..# #@.####.#
...)....### #..#
..#.......# #....
####......# #...#.#
#...^^.# .. ....# #
#.)^_^.##.# #####
##.^^^..#.#
#......#.#
#######....#.### #


You could see a chaos spawn (summoned) and an ufetubus (summoned).

Vanquished Creatures
  A ball python (D:1)
  A giant cockroach (D:1)
  A goblin (D:1)
  A hobgoblin (D:1)
  4 kobolds (D:1)
  2 bats (D:1)
  A frilled lizard (D:1)
  A rat (D:1)
12 creatures vanquished.

Notes
Turn   | Place    | Note
-------+----------+-------------------------------------------
     0 | D:1      | raphialitos the Felid Conjurer began the quest for the Orb.
     0 | D:1      | Reached XP level 1. HP: 7/7 MP: 4/4
    27 | D:1      | Found a shimmering altar of Xom.
   183 | D:1      | Became a worshipper of Xom of Chaos
   256 | D:1      | XOM: silly message
   385 | D:1      | XOM: cloud trail
   729 | D:1      | XOM: 1-stop teleportation journey
   737 | D:1      | Reached XP level 2. HP: 10/11 MP: 0/6
   980 | D:1      | XOM: 3-stop teleportation journey
   994 | D:1      | Reached skill level 4 in Conjurations
  1219 | D:1      | XOM: summons 2 hostile demons
  1220 | D:1      | Noticed a chaos spawn
  1222 | D:1      | XOM: smoke on damage
  1228 | D:1      | Slain by a chaos spawn

Illustrated notes

Levels and vault maps discovered:
D:1:      elethiomel_arrival_shortcut, layout_basic, dk_noncrumbling_3,
          xom_teletrap_fun

Skill      XL: |  1  2 |
---------------+-------+-----
Conjurations   | 4 |  4.0
Dodging        | |  2.7
Stealth        | |  2.7
Unarmed Combat | |  0.1
Spellcasting   | |  2.2

Action                   || total
-------------------------++-------
Melee: Unarmed           ||    24
       Bite              ||     3
 Cast: Magic Dart        ||    27
  Eat: Chunk             ||     3
Dodge: Dodged            ||    25
